 Dungeon Crawl Stone Soup version 0.21-a0-536-gdbbf329 (webtiles) character file.

95 AverageBear the Cutter (level 4, 0/27 HPs)
             Began as a Deep Elf Fighter on Dec 14, 2017.
             Slain by an ogre
             ... wielding a cursed -2 giant spiked club
              (26 damage)
             ... on level 3 of the Dungeon.
             The game lasted 00:03:24 (2132 turns).

AverageBear the Cutter (Deep Elf Fighter)           Turns: 2132, Time: 00:03:25

Health: 0/27       AC:  7    Str: 14    XL:     4   Next: 40%
Magic:  6/6        EV:  6    Int: 13    God:
Gold:   27         SH:  8    Dex: 14    Spells: 3/3 levels left

rFire    . . .     SeeInvis .   a - +0 rapier
rCold    . . .     Gourm    .   c - +0 shield
rNeg     . . .     Faith    .   b - +1 scale mail
rPois    .         Spirit   .   (no helmet)
rElec    .         Reflect  .   (no cloak)
rCorr    .         Harm     .   (no gloves)
MR       .....                  (no boots)
Stlth    ..........             (no amulet)
HPRegen  0.09/turn              (no ring)
MPRegen  0.10/turn              (no ring)

@: no status effects
A: no striking features
a: no special abilities


You were on level 3 of the Dungeon.
You were not hungry.

You visited 1 branch of the dungeon, and saw 3 of its levels.

You collected 27 gold pieces.

Inventory:

Hand Weapons
 a - a +0 rapier (weapon)
Armour
 b - a +1 scale mail (worn)
 c - a +0 shield (worn)
Scrolls
 h - a scroll of enchant armour
 i - 2 scrolls of identify
 j - 3 scrolls of teleportation {unknown}
 l - a scroll of magic mapping
 n - a scroll of fog {unknown}
Potions
 e - a potion of lignification
 g - a potion of degeneration {unknown}
 m - a potion of magic {unknown}
Comestibles
 d - a chunk of flesh
 f - 2 bread rations
 k - a royal jelly


   Skills:
 - Level 2.4 Fighting
 + Level 4.7 Short Blades
 - Level 2.4 Armour
 - Level 2.4 Shields


You had 3 spell levels left.
You didn't know any spells.

Dungeon Overview and Level Annotations

Branches:
Dungeon (2/15)

Altars:

Annotations:
D:2 Natasha


Message History

No target in view!
No target in view!
No target in view!
No target in view!
No target in view!
Some of the chunks of flesh in your inventory have rotted away.
You open the door. 8 goblins and an ogre come into view.
The goblin shouts! x4; The ogre shouts!
The goblin shouts! x2
Found 2 meat rations.
You puncture the goblin!
You kill the goblin!
There are monsters nearby!
You hit the goblin.
You kill the goblin!
There are monsters nearby!
You completely miss the ogre.
The ogre hits you with a giant spiked club!!
Ouch! That really hurt!
You die...

## ## ###.##.###.#
....#...... .
.........# ### #
###.#..#..#gg.# #
......#.@Ogg.# #
#.#..#.##gg.# #
#....#.###### #
#.....).......
###########.#.#.#......
.......................
.....)............>....
................#..####
..###############..#


You could see an ogre and 6 goblins.

Vanquished Creatures
  An orc wizard (D:3)
  Natasha (D:2)
  An adder (D:3)
  A leopard gecko (D:1)
  4 orcs (D:3)
  A bat (D:1)
  3 goblins
  3 hobgoblins (D:1)
  A ball python (D:3)
  5 frilled lizards
  8 kobolds
  4 rats (D:1)
33 creatures vanquished.

Notes
Turn   | Place    | Note
-------+----------+-------------------------------------------
     0 | D:1      | AverageBear the Deep Elf Fighter began the quest for the Orb.
     0 | D:1      | Reached XP level 1. HP: 13/13 MP: 3/3
   358 | D:1      | Reached XP level 2. HP: 4/18 MP: 4/4
   705 | D:1      | Reached skill level 3 in Short Blades
  1304 | D:2      | Noticed Natasha
  1311 | D:2      | Killed Natasha
  1311 | D:2      | Reached XP level 3. HP: 6/22 MP: 5/5
  1426 | D:2      | Noticed Natasha
  1459 | D:2      | You fall through a shaft!
  1535 | D:3      | Reached skill level 4 in Short Blades
  1910 | D:3      | Reached XP level 4. HP: 21/27 MP: 6/6
  2129 | D:3      | Noticed an ogre
  2132 | D:3      | Slain by an ogre

Vault maps used:
D:1:      mushboom_english_gardens, minmay_pentomino_w2
D:2:      lemuel_doored_altar, first_bread, minivault_26, uniq_natasha
D:3:      minmay_ogre_servants, uniq_grinder, uniq_terence

Skill      XL: |  1  2  3 |
---------------+----------+-----
Short Blades   | 3 4 |  4.7
Fighting       | |  2.4
Armour         | |  2.4
Shields        | |  2.4

Action                   |  1- 3 |  4- 6 || total
-------------------------+-------+-------++-------
Melee: Rapier            |   144 |    21 ||   165
  Use: Scroll            |     2 |       ||     2
       Potion            |     2 |       ||     2
  Eat: Chunk             |     3 |     1 ||     4
Armor: Scale mail        |    40 |     6 ||    46
       Skin              |    25 |     1 ||    26
Dodge: Dodged            |    26 |     3 ||    29
Block: Shield            |    56 |     4 ||    60

Table legend:
 A = Spawn XP
 B = Non-spawn XP
 C = Spawn XP percentage of total XP
 D = Spawn monster count
 E = Non-spawn monster count
 F = Spawn count percentage of total count
 G = Total turns spent on level
                    A         B        C        D         E        F      G
               +---------+---------+-------+---------+---------+-------+---------
         Total |       0 |     137 |   0.0 |       0 |      33 |   0.0 |  2132
               +---------+---------+-------+---------+---------+-------+---------
           D:1 |       0 |      30 |   0.0 |       0 |      19 |   0.0 |  1304
           D:2 |       0 |      37 |   0.0 |       0 |       3 |   0.0 |   155
           D:3 |       0 |      70 |   0.0 |       0 |      11 |   0.0 |   673
               +---------+---------+-------+---------+---------+-------+---------
